 Dungeon Crawl Stone Soup version 0.19.3-4-gbf9329e (webtiles) character file.

4279 Jerry the Protected (level 9, 0/68 HPs)
             Began as a Demigod Fighter on Jan 28, 2017.
             Slain by an orc warrior
             ... wielding a +2 battleaxe of flaming
              (14 damage)
             ... on level 8 of the Dungeon.
             The game lasted 00:29:48 (10219 turns).

Jerry the Protected (Demigod Fighter)              Turns: 10219, Time: 00:29:48

Health: 0/68       AC: 12    Str: 19    XL:     9   Next: 85%
Magic:  20/20      EV: 12    Int: 14    God:
Gold:   286        SH:  0    Dex: 21    Spells: 0 memorised, 8 levels left

rFire  . . .     SeeInvis .     G - +1 great sword (vamp)
rCold  . . .     Gourm    +     b - +0 scale mail
rNeg   . . .     Faith    .     (shield currently unavailable)
rPois  .         Spirit   .     z - +0 helmet
rElec  .         Reflect  .     (no cloak)
rCorr  .         Harm     .     (no gloves)
MR     .....                    t - +1 pair of boots
Stlth  ..........               C - amulet of the gourmand
                                (no ring)
                                l - ring of magical power

@: no status effects
A: clever 1, high mp 1, mutation resistance 1
a: no special abilities


You were on level 8 of the Dungeon.
You were not hungry.

You visited 1 branch of the dungeon, and saw 8 of its levels.
You also visited: Sewer and Ossuary.

You collected 286 gold pieces.

Inventory:

Hand Weapons
 x - a +1 great sword of draining
 F - a +4 great sword
 G - a +1 vampiric great sword (weapon)
Missiles
 e - 2 tomahawks (quivered)
Armour
 b - a +0 scale mail (worn)
 c - a +0 shield
 t - a +1 pair of boots (worn)
 z - a +0 helmet (worn)
Jewellery
 l - a ring of magical power (left hand)
 r - a cursed ring of teleportation {unknown}
 C - an amulet of the gourmand (around neck)
Wands
 K - a wand of slowing (21/48)
Scrolls
 i - 2 scrolls of identify
 j - 2 scrolls of amnesia
 m - a scroll of fog
 o - 2 scrolls of recharging
 p - 2 scrolls of teleportation
 y - 5 scrolls of fear
 B - a scroll of remove curse
 I - a scroll of immolation {unknown}
 J - a scroll of random uselessness {unknown}
Potions
 a - a potion of ambrosia {unknown}
 d - a potion of might
 g - a potion of invisibility
 h - 3 potions of curing
 k - a potion of cancellation
 n - a potion of brilliance
 s - 4 potions of agility
 v - 3 potions of lignification
 w - 4 potions of flight
 A - a potion of haste {unknown}
 D - 2 potions of heal wounds {unknown}
 E - a potion of magic {unknown}
Comestibles
 f - 4 bread rations
 q - 3 meat rations
 u - 4 fruits


   Skills:
 - Level 2.6 Fighting
 + Level 9.5 Long Blades
 + Level 9.7 Armour
 - Level 2.8 Dodging
 - Level 2.6 Shields


You had 8 spell levels left.
You didn't know any spells.

Dungeon Overview and Level Annotations

Branches:
Dungeon (8/15)             Temple (0/1) D:6
   Lair: D:8-11

Annotations:
D:7 Dowan, Duvessa


Innate Abilities, Weirdness & Mutations

You have an increased reservoir of magic. (+10% MP)
Your mind is acute. (Int +2)
You are somewhat resistant to further mutation.


Message History

There is a stone staircase leading down, spattered with blood here.
You can't go up here!
Duvessa hits you but does no damage.
The orc warrior hits you with a battleaxe of flaming!!
* * * LOW HITPOINT WARNING * * *
The orc warrior burns you.
* * * LOW HITPOINT WARNING * * *
The orc throws a tomahawk.
The tomahawk hits you but does no damage.
You climb downwards.
There is a stone staircase leading up here.
You barely miss the orc warrior. The orc warrior closely misses you.
You closely miss the orc warrior.
The orc warrior hits you with a battleaxe of flaming.
* * * LOW HITPOINT WARNING * * *
The orc warrior burns you.
* * * LOW HITPOINT WARNING * * *
You barely miss the orc warrior.
The orc warrior hits you with a battleaxe of flaming!
You die...

## #.
#.##o##
#...)@#
#..#[##
... #.
. %.
...
....
.....
####..


You could see an orc warrior.

Vanquished Creatures
  The ghost of luab the Covert, a novice SpEn of Uskayaw (D:7)
  A manticore (D:6)
  Grinder (D:5)
  A hungry ghost (D:7)
  Menkaure (D:7)
  A water moccasin (D:5)
  An orc warrior (D:7)
  2 ice beasts
  A black bear (D:6)
  An ogre (D:5)
  2 phantoms (D:6)
  3 elf zombies (Ossuary)
  3 bullfrogs
  4 big kobolds
  2 scorpions
  A water moccasin skeleton (D:7)
  4 wights (D:6)
  7 howler monkeys
  A jelly (D:7)
  4 crimson imps
  A hound (D:4)
  A quasit (D:6)
  3 orc priests
  A centaur skeleton (D:4)
  2 human zombies
  A bullfrog skeleton (D:4)
  2 centaur zombies
  A human skeleton (D:4)
  Jessica (D:1)
  An orc wizard (D:5)
  6 worker ants
  An iguana (D:4)
  2 mummies (Ossuary)
  2 howler monkey skeletons (D:5)
  3 gnolls (D:2)
  8 adders
  A river rat (Sewer)
  5 oozes
  2 adder skeletons
  2 adder zombies (Ossuary)
  5 worms
  2 dart slugs
  7 leopard geckos
  21 orcs
  7 bats
  12 giant cockroaches
  4 goblins
  6 hobgoblins
  15 jackals
  3 quokkas
  A ball python (Sewer)
  4 frilled lizards
  2 goblin zombies (Ossuary)
  13 hobgoblin zombies (Ossuary)
  A jackal zombie (Ossuary)
  14 kobolds
  5 kobold zombies (Ossuary)
  A leopard gecko zombie (D:5)
  4 orc skeletons (D:4)
  7 orc zombies (Ossuary)
  2 quokka zombies
  9 rats
  2 rat zombies (Ossuary)
235 creatures vanquished.

Notes
Turn   | Place    | Note
-------+----------+-------------------------------------------
     0 | D:1      | Jerry the Demigod Fighter began the quest for the Orb.
     0 | D:1      | Reached XP level 1. HP: 18/18 MP: 3/3
   270 | D:1      | Reached skill level 1 in Dodging
   304 | D:1      | Reached XP level 2. HP: 25/25 MP: 4/4
   705 | D:2      | Noticed Jessica
   894 | D:1      | Killed Jessica
   894 | D:1      | Reached XP level 3. HP: 26/30 MP: 5/5
  1166 | D:2      | Reached XP level 4. HP: 37/37 MP: 6/6
  1625 | D:2      | Found a shimmering altar of Xom.
  1942 | D:3      | Found a sacrificial altar of Ru.
  2951 | D:3      | Found a snail-covered altar of Cheibriados.
  2956 | D:3      | Found a burning altar of Makhleb.
  3122 | D:4      | Reached XP level 5. HP: 21/42 MP: 7/7
  3473 | D:4      | Found a sand-covered staircase.
  3479 | Ossuary  | Entered an ossuary
  4283 | Ossuary  | Reached XP level 6. HP: 45/50 MP: 8/8
  4418 | Ossuary  | Reached skill level 5 in Armour
  4461 | Ossuary  | Gained mutation: Your mind is acute. (Int +2) [potion of mutation]
  4461 | Ossuary  | Gained mutation: You are somewhat resistant to further mutation. [potion of mutation]
  4670 | D:4      | Found a faded altar of an unknown god.
  4670 | D:4      | Found a sacrificial altar of Ru.
  4675 | D:4      | Found a faded altar of an unknown god.
  4677 | D:4      | Found a deep blue altar of Sif Muna.
  4679 | D:4      | Found a faded altar of an unknown god.
  4735 | D:4      | Reached XP level 7. HP: 42/56 MP: 9/9
  4982 | D:5      | Entered Level 5 of the Dungeon
  5003 | D:5      | Reached skill level 5 in Long Blades
  6299 | D:5      | Reached XP level 8. HP: 23/62 MP: 10/10
  6809 | D:5      | Noticed Grinder
  6827 | D:5      | Paralysed by Grinder for 7 turns
  6840 | D:5      | Killed Grinder
  7471 | D:6      | Found a glowing drain.
  7484 | Sewer    | Entered a sewer
  8217 | D:6      | Reached XP level 9. HP: 62/68 MP: 11/11
  8226 | D:6      | Found a staircase to the Ecumenical Temple.
  8324 | D:6      | Found a shimmering altar of Xom.
  8428 | D:6      | Noticed a manticore
  8546 | D:6      | Killed a manticore
  8733 | D:6      | Found a shadowy altar of Dithmenos.
  9397 | D:7      | Found a stormy altar of Qazlal.
  9401 | D:7      | Found an opulent altar of Gozag.
  9401 | D:7      | Found an ancient bone altar of Kikubaaqudgha.
  9412 | D:7      | Found a shadowy altar of Dithmenos.
  9416 | D:7      | Found a blossoming altar of Fedhas.
  9831 | D:7      | Noticed luab's ghost (novice SpEn)
  9850 | D:7      | Killed luab's ghost
  9888 | D:7      | Noticed Menkaure
  9904 | D:7      | Killed Menkaure
 10126 | D:7      | Noticed Dowan
 10127 | D:7      | Noticed Duvessa
 10219 | D:8      | Slain by an orc warrior

Skill      XL: |  1  2  3  4  5  6  7  8  9 |
---------------+----------------------------+-----
Long Blades    | 2 3 4 6 7 9 |  9.5
Dodging        | 1 2 |  2.8
Armour         | 3 4 5 6 8 9 |  9.7
Fighting       | |  2.6
Shields        | |  2.6

Action                   |  1- 3 |  4- 6 |  7- 9 || total
-------------------------+-------+-------+-------++-------
Melee: Long sword        |    18 |   270 |   171 ||   459
       Dagger            |    83 |   157 |       ||   240
       Great sword       |       |       |   288 ||   288
Throw: Tomahawk          |       |       |     2 ||     2
  Use: Scroll            |       |     7 |     9 ||    16
       Potion            |       |     3 |     5 ||     8
  Eat: Chunk             |     1 |     6 |    37 ||    44
       Beef jerky        |       |     2 |       ||     2
       Bread ration      |       |     1 |       ||     1
       Pizza             |       |       |     1 ||     1
Armor: Scale mail        |    47 |   161 |   245 ||   453
Dodge: Dodged            |    70 |   196 |   329 ||   595
       Rpst.: Long sword |     7 |    37 |    36 ||    80
       Great sword       |       |       |    57 ||    57
